 Dungeon Crawl Stone Soup version 0.32-a0-558-g233958a4c4 (webtiles) character file.

Game seed: 17950866933659687428

1457 Angani the Prestidigitator (level 8, 0/62 HPs)
             Began as a Coglin Artificer on Mar 2, 2024.
             Was an Initiate of Sif Muna.
             Slain by a gnoll bouda
             ... wielding a +0 whip
              (7 damage)
             ... on level 5 of the Dungeon.
             The game lasted 00:09:14 (3713 turns).

Angani the Prestidigitator (Coglin Artificer)       Turns: 3713, Time: 00:09:15

Health: 0/62       AC: 15    Str: 14    XL:     8   Next: 76%
Magic:  8/8        EV:  7    Int: 12    God:    Sif Muna [......]
Gold:   218        SH:  0    Dex: 14    Spells: 7/7 levels left

rFire   . . .        g - +0 hand axe {Lucía}
rCold   . . .        t - +0 hand axe {Jia}
rNeg    . . .        r - +0 chain mail
rPois   .            i - +1 helmet
rElec   .            u - +0 cloak
rCorr   .            (no gloves)
SInv    .            m - +2 pair of boots
Will    .....        (amulet unavailable) Stlth
                     (ring unavailable)
HPRegen 0.30/turn    (ring unavailable)
MPRegen 0.11/turn    (no gizmo)

%: no passive effects
@: brilliant, studying Staves, revved
A: off-hand wielding, slow wielding, warmup strikes, no jewelry
a: Invent Gizmo, Renounce Religion


You were on level 5 of the Dungeon.
You worshipped Sif Muna.
Sif Muna was noncommittal.
You visited 2 branches of the dungeon, and saw 6 of its levels.

You collected 218 gold pieces.

Inventory:

Hand Weapons
 g - a +0 hand axe (weapon) {Lucía}
 t - a +0 hand axe (offhand) {Jia}
Armour
 i - a +1 helmet (worn)
 m - a +2 pair of boots (worn)
 r - a +0 chain mail (worn)
 u - a +0 cloak (worn)
Wands
 c - a wand of flame (13) (quivered)
 d - a wand of charming (15)
 e - a wand of iceblast (2)
 l - a wand of mindburst (7)
 y - a wand of digging (4)
Scrolls
 a - a scroll of amnesia {unknown}
 f - a scroll of vulnerability
 n - 2 scrolls of fog {unknown}
 o - a scroll of poison
 s - 3 scrolls of teleportation {unknown}
 v - a scroll of revelation {unknown}
 x - a scroll of silence {unknown}
 z - a scroll of blinking {unknown}
Potions
 b - a potion of might {unknown}
 h - a potion of brilliance
 j - 2 potions of curing {unknown}
 k - a potion of haste {unknown}
 p - a potion of ambrosia {unknown}
 q - 2 potions of heal wounds {unknown}
 w - 2 potions of berserk rage {unknown}


   Skills:
 - Level 5.0 Fighting
 + Level 5.9 Axes
 + Level 3.4 Armour
 - Level 0.8 Dodging
 - Level 0.7 Stealth
 + Level 9.0 Evocations


You had 7 spell levels left.
You didn't know any spells.
Your spell library contained the following spells:

 Spells                   Type           Power      Damage    Failure   Level
 Jinxbite                 Hex            0%         N/A       100%        2
 Dazzling Flash           Conj/Hex       0%         N/A       100%        3
 Inner Flame              Hex/Fire       0%         N/A       100%        3
 Volatile Blastmotes      Fire/Tloc      0%         2d10      100%        3
 Irradiate                Conj/Alch      0%         3d11      100%        5
 Yara's Violent Unravell  Hex/Alch       0%         3d3       100%        5
 Starburst                Conj/Fire      0%         6d3       100%        6
 Enfeeble                 Hex            0%         N/A       100%        7
 Ignition                 Fire           0%         3d3       100%        8
 Maxwell's Capacitive Co  Air            0%         ∞         100%        8


Dungeon Overview and Level Annotations

Branches:
Dungeon (5/15)             Temple (1/1) D:4

Altars:
Dithmenos
Elyvilon
Fedhas
Makhleb
Nemelex Xobeh
Okawaru
Qazlal
Ru
Sif Muna
Trog
Uskayaw
Vehumet
Wu Jian
Xom
Yredelemnul
Zin
The Shining One


Innate Abilities, Weirdness & Mutations

You can wield a second weapon in your off-hand.
It takes a long time for you to wield or remove held weapons.
Your first few attacks do less damage.
You cannot equip rings or amulets.


Message History

You hit the gnoll bouda with your +0 hand axe.
You closely miss the gnoll with your +0 hand axe.
You barely miss the gnoll with your +0 hand axe.
You hit the gnoll but do no damage.
You closely miss the gnoll bouda with your +0 hand axe.
The gnoll bouda hits you with a +0 whip!
The gnoll completely misses you. The gnoll hits you with a +0 flail.
* * * LOW HITPOINT WARNING * * *
The gnoll hits you but does no damage.
Unknown command.
You hit the gnoll with your +0 hand axe.
You kill the gnoll!
Sif Muna accepts your kill.
You hit the gnoll bouda with your +0 hand axe.
You hit the gnoll with your +0 hand axe. x3
You barely miss the gnoll with your +0 hand axe.
You hit the gnoll bouda but do no damage.
The gnoll bouda hits you with a +0 whip.
* * * LOW HITPOINT WARNING * * *
The gnoll hits you with a +0 flail.
* * * LOW HITPOINT WARNING * * *
Unknown command.
You closely miss the gnoll with your +0 hand axe.
The gnoll is heavily wounded.
You hit the gnoll with your +0 hand axe.
You kill the gnoll!
Sif Muna accepts your kill.
You hit the gnoll bouda but do no damage.
You hit the gnoll with your +0 hand axe.
You completely miss the gnoll bouda with your +0 hand axe.
The gnoll bouda hits you with a +0 whip.
* * * LOW HITPOINT WARNING * * *
The gnoll hits you with a +0 whip.
* * * LOW HITPOINT WARNING * * *
Your Evocations skill increases to level 9!
Unknown command.
It was a potion of brilliance.
You feel clever all of a sudden.
The gnoll bouda hits you with a +0 whip!
You die...

## #.# . ....# #.#
....# # #.#
#...#.# #.#
#...#.# #.# +.....
#.#
.######...######.#
.......g.........#
#...g@.....#####
#...)......#
#........†)#
#..........#
#..........#
#.....(....#
............#
........!....
..$.##...##.#


You could see a gnoll bouda and a gnoll (swift).

Vanquished Creatures
  Pikel (D:5)
  The ghost of Flippered the Slasher, a novice DjFi of Yredelemnul (D:4)
  2 black bears
  An ogre (D:5)
  A phantom (D:4)
  3 lemures (D:5)
  5 iguanas
  A scorpion zombie (D:4)
  Robin (D:4)
  2 gnolls (D:5)
  9 adders
  A white imp (D:5)
  An adder zombie (D:4)
  3 dart slugs
  3 ribbon worms
  5 orcs
  3 bats
  7 endoplasms
  3 giant cockroaches
  4 hobgoblins
  6 quokkas
  11 ball pythons
  7 frilled lizards
  19 goblins
  4 kobolds
  5 rats
109 creatures vanquished.

Notes
Turn   | Place    | Note
-------+----------+-------------------------------------------
     0 | D:1      | Angani the Coglin Artificer began the quest for the Orb.
     0 | D:1      | Reached XP level 1. HP: 15/15 MP: 1/1
   254 | D:1      | Reached XP level 2. HP: 11/21 MP: 2/2
   555 | D:1      | Reached skill level 1 in Axes
   817 | D:1      | Reached XP level 3. HP: 27/27 MP: 3/3
  1181 | D:2      | Reached skill level 5 in Evocations
  1181 | D:2      | Reached XP level 4. HP: 33/33 MP: 4/4
  1656 | D:3      | Reached XP level 5. HP: 34/39 MP: 5/5
  1853 | D:3      | Noticed a black bear
  1862 | D:3      | Killed a black bear
  1863 | D:3      | Reached XP level 6. HP: 47/47 MP: 6/6
  2006 | D:4      | Reached skill level 6 in Evocations
  2020 | D:4      | Noticed Robin
  2031 | D:4      | Killed Robin
  2237 | D:4      | Found a shadowy altar of Dithmenos.
  2308 | D:4      | Noticed a black bear
  2317 | D:4      | Killed a black bear
  2318 | D:4      | Reached XP level 7. HP: 6/54 MP: 7/7
  2563 | D:4      | Found a staircase to the Ecumenical Temple.
  2602 | D:4      | Found a glowing silver altar of Zin.
  2642 | Temple   | Entered the Ecumenical Temple
  2653 | Temple   | Became a worshipper of Sif Muna the Loreminder
  2733 | D:4      | Found a runed translucent gate.
  2733 | D:4      | Found a runed translucent gate.
  2733 | D:4      | Found a runed translucent gate.
  2733 | D:4      | Noticed Flippered's ghost (novice DjFi)
  2735 | D:4      | Found a basalt altar of Yredelemnul.
  2786 | D:4      | Killed Flippered's ghost
  2787 | D:4      | Reached skill level 7 in Evocations
  2943 | D:4      | Found a hide-covered altar of Uskayaw.
  2947 | D:4      | Found a sacrificial altar of Ru.
  2949 | D:4      | Found a stormy altar of Qazlal.
  3152 | D:5      | Entered Level 5 of the Dungeon
  3230 | D:5      | Reached skill level 5 in Fighting
  3354 | D:5      | Reached XP level 8. HP: 62/62 MP: 8/8
  3371 | D:5      | Noticed Pikel
  3418 | D:5      | Killed Pikel
  3419 | D:5      | Reached skill level 5 in Axes
  3419 | D:5      | Reached skill level 8 in Evocations
  3713 | D:5      | Reached skill level 9 in Evocations
  3713 | D:5      | Slain by a gnoll bouda

Illustrated notes

Levels and vault maps discovered:
D:1:      nagdon_arrival_double_spiral, layout_basic
D:2:      layout_rooms, dk_noncrumbling_2, minmay_stone_trees_medium
D:3:      layout_rooms
D:4:      layout_cave_pools, nicolae_yredelemnul_ghost_church,
          marbit_many_paths, zin_scriptorium, grunt_temple_overflow_open,
          temple_pool_b, nicolae_zig_zag_zippers, uniq_robin
D:5:      layout_basic, mainiacjoe_overflow_six_doors_small,
          serial_corexii_hall, corexii_hall_statues_x,
          chequers_hall_statues_wall_a, corexii_hall_statues_s, uniq_pikel
Temple:   minmay_freezing_vapour_temple

Skill      XL: |  1  2  3  4  5  6  7  8 |
---------------+-------------------------+-----
Axes           | 1 2 3 4 5 |  5.9
Fighting       | 2 3 4 5 |  5.0
Evocations     | 5 6 7 9 |  9.0
Armour         | 3 |  3.4
Dodging        | |  0.8
Stealth        | |  0.7

Action                     |  1- 3 |  4- 6 |  7- 9 || total
---------------------------+-------+-------+-------++-------
  Melee: Club              |    67 |    56 |       ||   123
         Hand axe          |    62 |   162 |   230 ||   454
  Evoke: Wand              |     1 |     5 |     7 ||    13
    Use: Scroll            |       |     4 |       ||     4
         Potion            |       |       |     1 ||     1
   Stab: Sleeping          |     4 |       |       ||     4
 Armour: Leather armour    |    52 |       |       ||    52
         Ring mail         |    18 |     5 |       ||    23
         Chain mail        |       |    99 |   111 ||   210
         Skin              |       |     5 |       ||     5
  Dodge: Dodged            |    44 |    55 |    36 ||   135

Table legend: (Time is in decaauts)
 A = Elapsed time spent in this place.
 B = Non-inter-level travel time spent in this place.
 C = Inter-level travel time spent in this place.
 D = Time resting spent in this place.
 E = Time spent auto-exploring this place.
 F = Levels seen in this place.
 G = Mean time per level.
                   A        B        C        D        E       F      G
               +--------+--------+--------+--------+--------+-----+--------+
         Total |   3797 |   3615 |    182 |    463 |   2294 |   6 |  632.8 |
       Dungeon |   3780 |   3602 |    178 |    463 |   2294 |   5 |  756.0 |
        Temple |     16 |     12 |      4 |      0 |      0 |   1 |   16.0 |
               +--------+--------+--------+--------+--------+-----+--------+

Top non-repeatable levels by time:
     D:4: 1150 daAuts
     D:1: 920 daAuts
     D:3: 575 daAuts
     D:2: 569 daAuts
     D:5: 564 daAuts
  Temple: 16 daAuts
